[Event "48th Rilton Cup 2018"]
[Site "Stockholm"]
[Date "2019.01.04"]
[Round "8"]
[White "Bellia, Fabrizio"]
[Black "Soysal, Serkan"]
[Result "1/2-1/2"]
[ECO "B12"]
[WhiteElo "2458"]
[BlackElo "2398"]
[Annotator "ChessBase"]
[PlyCount "160"]
[EventDate "2018.12.27"]
[EventType "swiss"]
[EventCountry "SWE"]
[SourceTitle "playchess.com"]
[Source "ChessBase"]
[SourceQuality "1"]
[TimeControl "40/5400+30:1800+30"]

1. e4 c6 2. d4 d5 3. e5 Bf5 4. Nd2 e6 5. Nb3 Nd7 6. Nf3 c5 7. dxc5 Bxc5 8. Nxc5 Nxc5 9. Nd4 Ne7 10. Be2 O-O 11. O-O Bg6 12. a4 Nc6 13. Nxc6 bxc6 14. Be3 Nd7 15. f4 f6 16. exf6 Qxf6 17. c3 Be4 18. Bf3 Qg6 19. Qd4 Bxf3 20. Rxf3 c5 21. Qd2 Rac8 22. Rg3 Qf7 23. Qe2 Nf6 24. Rf1 Ne4 25. Rgf3 Qd7 26. Qc2 a5 27. Rd1 Qb7 28. c4 Rb8 29. Bc1 Qc6 30. f5 d4 31. fxe6 Qxe6 32. Rdf1 Rxf3 33. Rxf3 Re8 34. h3 Nd6 35. b3 Ne4 36. Bd2 Nxd2 37. Qxd2 Qe1+ 38. Qxe1 Rxe1+ 39. Kf2 Re7 40. Rg3 Re5 41. Rd3 Kf7 42. Kf1 Ke6 43. Kf2 Kf5 44. Rf3+ Ke4 45. Ke2 Rg5 46. g4 h5 47. Rf7 hxg4 48. hxg4 Rxg4 49. Re7+ Kf4 50. Ra7 Rg2+ 51. Kd3 Rb2 52. Rxa5 Rxb3+ 53. Kd2 Ke4 54. Rxc5 Rb2+ 55. Kc1 Rb4 56. Rg5 Rxc4+ 57. Kd2 Rc7 58. Rg4+ Kf3 59. Rg6 Kf4 60. Kd3 Rd7 61. a5 Kf5 62. Rg1 g5 63. Rf1+ Kg4 64. Rg1+ Kf5 65. Rf1+ Kg6 66. Rg1 Rd6 67. Ra1 g4 68. a6 Rd8 69. a7 Ra8 70. Kxd4 g3 71. Kc5 Kf5 72. Kb6 Kg4 73. Kb7 Rxa7+ 74. Kxa7 g2 75. Kb6 Kf3 76. Kc5 Kf2 77. Ra2+ Kf1 78. Ra1+ Kf2 79. Kd4 g1=Q 80. Rxg1 Kxg1 1/2-1/2

[Event "48th Rilton Cup 2018"]
[Site "Stockholm"]
[Date "2019.01.04"]
[Round "8"]
[White "Nesterov, Arseniy"]
[Black "Heberla, Bartlomiej"]
[Result "0-1"]
[ECO "A53"]
[WhiteElo "2411"]
[BlackElo "2550"]
[Annotator "ChessBase"]
[PlyCount "76"]
[EventDate "2018.12.27"]
[EventType "swiss"]
[EventCountry "SWE"]
[SourceTitle "playchess.com"]
[Source "ChessBase"]
[SourceQuality "1"]
[TimeControl "40/5400+30:1800+30"]

1. d4 d6 2. c4 Nf6 3. Nc3 Nbd7 4. e4 e5 5. d5 Nc5 6. f3 a5 7. Be3 Be7 8. Qd2 Nh5 9. O-O-O h6 10. Nge2 Bg5 11. g4 Bxe3 12. Qxe3 Nf6 13. h4 Nfd7 14. Ng3 g6 15. Nb5 Nb6 16. f4 exf4 17. Qxf4 Nbd7 18. g5 h5 19. Be2 Ne5 20. Rhf1 Bh3 21. Rf2 Bg4 22. Kc2 Bxe2 23. Nxe2 a4 24. Qf6 O-O 25. Qxd8 Rfxd8 26. Rd4 Rd7 27. Ng3 Re7 28. Kc3 Ng4 29. Rf4 Kg7 30. Rd2 Rae8 31. Re2 f6 32. gxf6+ Nxf6 33. Kd4 Ng4 34. Kc3 Rf8 35. Rxf8 Kxf8 36. Re1 Rf7 37. Kd4 Nh2 38. Rh1 Rf3 0-1

[Event "48th Rilton Cup 2018"]
[Site "Stockholm"]
[Date "2019.01.04"]
[Round "8"]
[White "Keinanen, Toivo"]
[Black "Thybo, Jesper Sondergaard"]
[Result "0-1"]
[ECO "A15"]
[WhiteElo "2404"]
[BlackElo "2519"]
[Annotator "ChessBase"]
[PlyCount "116"]
[EventDate "2018.12.27"]
[EventType "swiss"]
[EventCountry "SWE"]
[SourceTitle "playchess.com"]
[Source "ChessBase"]
[SourceQuality "1"]
[TimeControl "40/5400+30:1800+30"]

1. c4 Nf6 2. g3 c6 3. Nf3 d5 4. b3 dxc4 5. bxc4 e5 6. Nc3 Bd6 7. Bg2 O-O 8. O-O Re8 9. d3 Nbd7 10. Rb1 Nc5 11. Nd2 Bg4 12. Nde4 Nfxe4 13. Nxe4 Nxe4 14. Bxe4 Qd7 15. Qc2 Bc5 16. Bg2 h5 17. Be3 Bxe3 18. fxe3 h4 19. gxh4 Qe7 20. Qd2 Rad8 21. Qe1 Rd6 22. h3 Bc8 23. Kh2 Rh6 24. Be4 g6 25. Qg3 Qxh4 26. Bg2 Kg7 27. Qxh4 Rxh4 28. Kg3 Reh8 29. Rh1 f5 30. Kf2 g5 31. Kg3 Kf6 32. Kf2 Ke7 33. a3 Kd6 34. Rhg1 Ke7 35. Rh1 R8h6 36. a4 a5 37. Rhg1 Rh7 38. Rh1 Kd6 39. Rhg1 Kc5 40. Bf1 Rg7 41. Ke1 f4 42. Kd2 Bxh3 43. Bxh3 Rxh3 44. exf4 exf4 45. Rbf1 Rh4 46. Kc3 Kd6 47. Kd4 c5+ 48. Kc3 Ke5 49. e3 b6 50. exf4+ Rxf4 51. Re1+ Kf5 52. Re8 g4 53. Kd2 g3 54. Ke3 Kg4 55. Re6 Rf2 56. Re8 Rb2 57. Re6 g2 58. Rxb6 Re7+ {Ke4} 0-1

[Event "48th Rilton Cup 2018"]
[Site "Stockholm"]
[Date "2019.01.04"]
[Round "8"]
[White "Haug, Johannes"]
[Black "Zumsande, Martin"]
[Result "1/2-1/2"]
[ECO "A13"]
[WhiteElo "2402"]
[BlackElo "2490"]
[Annotator "ChessBase"]
[PlyCount "84"]
[EventDate "2018.12.27"]
[EventType "swiss"]
[EventCountry "SWE"]
[SourceTitle "playchess.com"]
[Source "ChessBase"]
[SourceQuality "1"]
[TimeControl "40/5400+30:1800+30"]

1. Nf3 d5 2. g3 Nf6 3. Bg2 e6 4. c4 dxc4 5. Qa4+ Nbd7 6. Qxc4 c5 7. O-O b6 8. b3 Bb7 9. Bb2 Rc8 10. d3 Be7 11. Nbd2 O-O 12. Rfd1 a6 13. Qc2 b5 14. Rac1 Qb6 15. a3 Rfd8 16. Qb1 Ne8 17. e3 Qa7 18. Qa1 Qa8 19. e4 Nb8 20. Bf1 Nc6 21. Ne5 Nd4 22. Nef3 Nxf3+ 23. Nxf3 c4 24. dxc4 Bxe4 25. Ne1 bxc4 26. Bxc4 h5 27. Rxd8 Rxd8 28. Rd1 a5 29. Be2 Nf6 30. Rxd8+ Qxd8 31. Qd1 Qb6 32. Bd4 Qb7 33. Bxf6 Bxf6 34. Bxh5 Bd5 35. b4 axb4 36. axb4 Qxb4 37. Bf3 Qb3 38. Qxb3 Bxb3 39. Ng2 Bd4 40. Ne3 f5 41. Be2 Kf7 42. Bc4 Bxe3 1/2-1/2

[Event "48th Rilton Cup 2018"]
[Site "Stockholm"]
[Date "2019.01.04"]
[Round "8"]
[White "Eggleston, David J"]
[Black "Lyrberg, Patrik"]
[Result "1/2-1/2"]
[ECO "C54"]
[WhiteElo "2397"]
[BlackElo "2440"]
[Annotator "NA"]
[PlyCount "119"]
[EventDate "2018.12.27"]
[EventType "swiss"]
[EventCountry "SWE"]
[SourceTitle "playchess.com"]
[Source "ChessBase"]
[SourceQuality "1"]
[TimeControl "40/5400+30:1800+30"]

1. e4 e5 2. Nf3 Nc6 3. Bc4 Bc5 4. c3 Nf6 5. d3 a5 6. O-O O-O 7. d4 Bb6 8. dxe5 Nxe4 9. Bd5 Nc5 10. Bg5 Ne7 11. Na3 h6 12. Bh4 d6 13. exd6 Qxd6 14. Bxb7 Qxd1 15. Rfxd1 Nxb7 16. Bxe7 Re8 17. Bh4 g5 18. Bg3 f5 19. h4 f4 20. Bh2 Nd6 21. hxg5 Ne4 22. Nd4 hxg5 23. Nc4 Bc5 24. f3 Nd6 25. Nxd6 Bxd6 26. Kf2 Kf7 27. g4 Bb7 28. Re1 Rh8 29. Bg1 Rh3 30. Rad1 Rah8 31. Rd3 Rg3 32. a4 Ba6 33. c4 Rb8 34. b3 Bc5 35. Re5 Rxb3 36. Rf5+ Kg6 37. Rxc5 Rxd3 38. Rc6+ Kf7 39. Ke2 Ra3 40. Bf2 Ra2+ 41. Kf1 Ra1+ 42. Ke2 Rg2 43. Rxa6 c5 44. Ra7+ Ke8 45. Nc2 Ra2 46. Kf1 Rh2 47. Kg1 Rxf2 48. Kxf2 Rxc2+ 49. Ke1 Rxc4 50. Rxa5 Kd7 51. Ra6 Rc3 52. Rg6 Rxf3 53. Rxg5 Kc6 54. Rf5 Re3+ 55. Kd2 Re4 56. a5 Kb5 57. g5 Ra4 58. a6 Rxa6 59. Rxf4 Ra2+ 60. Kc3 1/2-1/2

[Event "48th Rilton Cup 2018"]
[Site "Stockholm"]
[Date "2019.01.04"]
[Round "8"]
[White "Schekachikhin, Maksim"]
[Black "Libiszewski, Fabien"]
[Result "0-1"]
[ECO "E73"]
[WhiteElo "2368"]
[BlackElo "2481"]
[Annotator "ChessBase"]
[PlyCount "72"]
[EventDate "2018.12.27"]
[EventType "swiss"]
[EventCountry "SWE"]
[SourceTitle "playchess.com"]
[Source "ChessBase"]
[SourceQuality "1"]
[TimeControl "40/5400+30:1800+30"]

1. d4 Nf6 2. c4 g6 3. Nc3 Bg7 4. e4 d6 5. Be2 O-O 6. Bg5 Nbd7 7. f3 c6 8. Nh3 a6 9. Nf2 b5 10. O-O Bb7 11. Rc1 h6 12. Be3 b4 13. Na4 a5 14. Qd2 Kh7 15. Rfd1 Qc7 16. f4 Rad8 17. Qc2 e5 18. c5 exd4 19. cxd6 Qxd6 20. Rxd4 Qe7 21. Bf3 Rfe8 22. e5 Nd5 23. Bxd5 cxd5 24. Rdd1 Rc8 25. Qd3 f6 26. Qb5 Ba8 27. Rxc8 Rxc8 28. exf6 Bxf6 29. Ng4 Bg7 30. Qd3 h5 31. Nf2 Bc6 32. b3 Bxa4 33. Bd2 Bc6 34. f5 Qf6 35. fxg6+ Qxg6 36. Qa6 Ra8 0-1

[Event "48th Rilton Cup 2018"]
[Site "Stockholm"]
[Date "2019.01.05"]
[Round "9"]
[White "Gajewski, Grzegorz"]
[Black "Gopal G.N."]
[Result "1/2-1/2"]
[ECO "A35"]
[WhiteElo "2598"]
[BlackElo "2582"]
[Annotator "ChessBase"]
[PlyCount "60"]
[EventDate "2018.12.27"]
[EventType "swiss"]
[EventCountry "SWE"]
[SourceTitle "playchess.com"]
[Source "ChessBase"]
[SourceQuality "1"]
[TimeControl "40/5400+30:1800+30"]

1. Nf3 c5 2. c4 Nf6 3. Nc3 Nc6 4. e3 e6 5. d4 d5 6. cxd5 exd5 7. Bb5 cxd4 8. exd4 Bd6 9. O-O O-O 10. Bg5 Bg4 11. Bxc6 bxc6 12. h3 Bh5 13. Re1 h6 14. Bh4 g5 15. Bg3 Bxg3 16. fxg3 Bxf3 17. Qxf3 Qd6 18. Re5 Rae8 19. Rf1 Kg7 20. Rf5 Re6 21. Na4 Qb4 22. Nc5 Qxd4+ 23. Qf2 Qxf2+ 24. R5xf2 Rd6 25. Nb7 Re6 26. Nc5 Rd6 27. Nb7 Rd7 28. Nc5 Rd6 29. Nb7 Rd7 30. Nc5 Rd6 1/2-1/2

[Event "48th Rilton Cup 2018"]
[Site "Stockholm"]
[Date "2019.01.05"]
[Round "9"]
[White "Volkov, Sergey"]
[Black "Santos Latasa, Jaime"]
[Result "1-0"]
[ECO "E20"]
[WhiteElo "2583"]
[BlackElo "2584"]
[Annotator "ChessBase"]
[PlyCount "67"]
[EventDate "2018.12.27"]
[EventType "swiss"]
[EventCountry "SWE"]
[SourceTitle "playchess.com"]
[Source "ChessBase"]
[SourceQuality "1"]
[TimeControl "40/5400+30:1800+30"]

1. d4 Nf6 2. c4 e6 3. Nc3 Bb4 4. f3 c5 5. d5 d6 6. e4 b5 7. Bd2 a6 8. a4 bxc4 9. Bxc4 O-O 10. Nge2 Re8 11. Nf4 e5 12. Nd3 Ba5 13. b3 Nh5 14. O-O Nd7 15. g3 g6 16. Nb2 Rb8 17. Bd3 Bb4 18. Nc4 Nb6 19. Ne3 Ng7 20. Qe2 a5 21. Nc2 Nd7 22. Nb5 Bxd2 23. Qxd2 Nf8 24. Nca3 Ra8 25. Nc4 Ra6 26. f4 f6 27. Kg2 g5 28. fxg5 fxg5 29. Qf2 Ng6 30. Qf7+ Kh8 31. Qc7 Kg8 32. Rf7 Qxc7 33. Rxc7 Rd8 34. Nbxd6 1-0

[Event "48th Rilton Cup 2018"]
[Site "Stockholm"]
[Date "2019.01.05"]
[Round "9"]
[White "Heberla, Bartlomiej"]
[Black "Gholami, Aryan"]
[Result "0-1"]
[ECO "B13"]
[WhiteElo "2550"]
[BlackElo "2488"]
[Annotator "RC"]
[PlyCount "78"]
[EventDate "2018.12.27"]
[EventType "swiss"]
[EventCountry "SWE"]
[SourceTitle "playchess.com"]
[Source "ChessBase"]
[SourceQuality "1"]
[TimeControl "40/5400+30:1800+30"]

1. e4 c6 2. d4 d5 3. exd5 cxd5 4. Bd3 Nc6 5. c3 Qc7 6. Ne2 Bg4 7. O-O e6 8. Qe1 Nf6 9. Bg5 Bh5 10. f4 O-O-O 11. Ng3 Bg6 12. f5 exf5 13. Bxf6 gxf6 14. Nxf5 Qb6 15. Nd2 Qxb2 16. Nb3 Qa3 17. Qh4 Be7 18. Bb5 Bxf5 19. Rxf5 Na5 20. Qe1 Bd6 21. Qf1 a6 22. Bd3 Be7 23. Bxa6 bxa6 24. Qxa6+ Nb7 25. Qc6+ Kb8 26. Rb1 Rd6 27. Qb5 Kc7 28. Nc5 Nxc5 29. dxc5 Qa7 30. Kh1 Rc6 31. Qe2 Re6 32. Qh5 Qxa2 33. Rff1 Rg8 34. Qf3 Bxc5 35. c4 Rg5 36. h4 Re3 37. Qf4+ Bd6 38. Qf2 Qxf2 39. Rxf2 Rge5 0-1

[Event "48th Rilton Cup 2018"]
[Site "Stockholm"]
[Date "2019.01.05"]
[Round "9"]
[White "Urkedal, Frode Olav Olsen"]
[Black "Lalith Babu M R"]
[Result "1-0"]
[ECO "E21"]
[WhiteElo "2537"]
[BlackElo "2529"]
[Annotator "ChessBase"]
[PlyCount "159"]
[EventDate "2018.12.27"]
[EventType "swiss"]
[EventCountry "SWE"]
[SourceTitle "playchess.com"]
[Source "ChessBase"]
[SourceQuality "1"]
[TimeControl "40/5400+30:1800+30"]

1. d4 Nf6 2. c4 e6 3. Nf3 b6 4. Nc3 Bb4 5. e3 Bb7 6. Bd3 O-O 7. O-O c5 8. Na4 cxd4 9. exd4 Re8 10. Bf4 Bf8 11. Re1 d6 12. Nc3 Nbd7 13. Rc1 a6 14. h3 h6 15. Bh2 Rc8 16. a3 Rc7 17. Bf1 Qa8 18. Re3 Rcc8 19. b4 Red8 20. Rc2 Ne4 21. Nxe4 Bxe4 22. Rd2 a5 23. Bg3 Bb7 24. Bd3 Ba6 25. Qe2 Re8 26. Rd1 Nf6 27. Bh4 Nh5 28. g3 g6 29. Re1 Bg7 30. d5 e5 31. b5 Bb7 32. Nd4 Rc7 33. Nf5 Bf8 34. f4 Qc8 35. fxe5 dxe5 36. d6 Rc5 37. Qg4 Re6 38. Ne7+ Bxe7 39. Bxe7 Qe8 40. Qh4 Qd7 41. Be2 Ng7 42. Qxh6 Rxe7 43. dxe7 Qxe7 44. Bd3 Qd6 45. Qh4 Bc8 46. g4 Ne6 47. Bf1 Nf4 48. Qf2 Be6 49. Qb2 f6 50. g5 Kf7 51. gxf6 Kxf6 52. Qf2 Bf5 53. Kh2 e4 54. Qg3 Qe5 55. Kh1 Rc8 56. Rf3 Ne6 57. Qh4+ Kg7 58. Qe7+ Kh6 59. Qh4+ Kg7 60. Qe7+ Kh6 61. Rfe3 Qf4 62. Bg2 Rxc4 63. Qf6 Rc2 64. Qh8+ Kg5 65. h4+ Qxh4+ 66. Qxh4+ Kxh4 67. Bxe4 Nd4 68. Bxc2 Nxc2 69. R1e2 Nxe3 70. Rxe3 Kg4 71. Kg1 Kf4 72. Rc3 Ke5 73. Rc6 Kd4 74. Kf2 Bd3 75. a4 g5 76. Rxb6 Bc2 77. Ra6 Bxa4 78. Rxa5 Bc2 79. b6 Be4 80. Ra4+ 1-0

[Event "48th Rilton Cup 2018"]
[Site "Stockholm"]
[Date "2019.01.05"]
[Round "9"]
[White "Yeoh, Li Tian"]
[Black "Santos Ruiz, Miguel"]
[Result "1/2-1/2"]
[ECO "B22"]
[WhiteElo "2508"]
[BlackElo "2523"]
[Annotator "ChessBase"]
[PlyCount "63"]
[EventDate "2018.12.27"]
[EventType "swiss"]
[EventCountry "SWE"]
[SourceTitle "playchess.com"]
[Source "ChessBase"]
[SourceQuality "1"]
[TimeControl "40/5400+30:1800+30"]

1. e4 c5 2. c3 Nf6 3. e5 Nd5 4. Nf3 d6 5. d4 cxd4 6. cxd4 Nc6 7. Bc4 Nb6 8. Bb5 dxe5 9. Nxe5 Bd7 10. Nxd7 Qxd7 11. Nc3 e6 12. O-O a6 13. Bxc6 Qxc6 14. Re1 Bb4 15. Qg4 Kf8 16. Bg5 Bxc3 17. bxc3 Nd5 18. Rac1 b5 19. a4 h6 20. Bd2 Kg8 21. h4 h5 22. Qe2 Rc8 23. axb5 axb5 24. Rb1 Nxc3 25. Bxc3 Qxc3 26. d5 exd5 27. Qxb5 Qc6 28. Qxc6 Rxc6 29. Re5 g6 30. Rb8+ Kg7 31. Rxh8 Kxh8 32. Rxd5 1/2-1/2

[Event "48th Rilton Cup 2018"]
[Site "Stockholm"]
[Date "2019.01.05"]
[Round "9"]
[White "Zumsande, Martin"]
[Black "Eggleston, David J"]
[Result "1-0"]
[ECO "B22"]
[WhiteElo "2490"]
[BlackElo "2397"]
[Annotator "ChessBase"]
[PlyCount "61"]
[EventDate "2018.12.27"]
[EventType "swiss"]
[EventCountry "SWE"]
[SourceTitle "playchess.com"]
[Source "ChessBase"]
[SourceQuality "1"]
[TimeControl "40/5400+30:1800+30"]

1. e4 c5 2. c3 Nf6 3. e5 Nd5 4. d4 cxd4 5. cxd4 d6 6. Bc4 e6 7. Nf3 Nc6 8. O-O Be7 9. a3 O-O 10. Bd3 Bd7 11. Qc2 f5 12. exf6 Nxf6 13. Nc3 Qe8 14. h3 Qh5 15. Ne2 e5 16. Ng3 Qe8 17. Re1 exd4 18. Bf4 Qd8 19. Ng5 Kh8 20. Bxh7 d5 21. Bg6 Qb6 22. Qe2 Be8 23. Bd3 Ne4 24. Ne6 Rf6 25. Qg4 Rg6 26. Qh5+ Rh6 27. Qxd5 Nf6 28. Qf3 Bh5 29. Nxh5 Rxh5 30. Qg3 Bf8 31. Bd6 1-0

[Event "48th Rilton Cup 2018"]
[Site "Stockholm"]
[Date "2019.01.05"]
[Round "9"]
[White "Libiszewski, Fabien"]
[Black "Blomqvist, Erik"]
[Result "1-0"]
[ECO "B80"]
[WhiteElo "2481"]
[BlackElo "2497"]
[Annotator "ChessBase"]
[PlyCount "57"]
[EventDate "2018.12.27"]
[EventType "swiss"]
[EventCountry "SWE"]
[SourceTitle "playchess.com"]
[Source "ChessBase"]
[SourceQuality "1"]
[TimeControl "40/5400+30:1800+30"]

1. e4 c5 2. Nf3 e6 3. d4 cxd4 4. Nxd4 Nf6 5. Nc3 d6 6. Be3 Be7 7. Qe2 a6 8. O-O-O Qc7 9. g4 b5 10. g5 Nfd7 11. a3 Bb7 12. f4 Nc5 13. Bg2 Nbd7 14. h4 Nb6 15. h5 O-O-O 16. g6 hxg6 17. hxg6 Rxh1 18. Rxh1 e5 19. fxe5 dxe5 20. Nf5 Bf8 21. gxf7 Qxf7 22. Qf2 Qc7 23. Rh8 Nba4 24. Bg5 Nxc3 25. Bxd8 Nb3+ 26. cxb3 Ne2+ 27. Kd1 Qc1+ 28. Kxe2 Qc2+ 29. Kf1 1-0

[Event "48th Rilton Cup 2018"]
[Site "Stockholm"]
[Date "2019.01.05"]
[Round "9"]
[White "Lyrberg, Patrik"]
[Black "Pranav Anand"]
[Result "1-0"]
[ECO "C54"]
[WhiteElo "2440"]
[BlackElo "2274"]
[Annotator "NA"]
[PlyCount "145"]
[EventDate "2018.12.27"]
[EventType "swiss"]
[EventCountry "SWE"]
[SourceTitle "playchess.com"]
[Source "ChessBase"]
[SourceQuality "1"]
[TimeControl "40/5400+30:1800+30"]

1. e4 e5 2. Nf3 Nc6 3. Bc4 Bc5 4. c3 Nf6 5. d3 d6 6. O-O h6 7. a4 a5 8. Na3 O-O 9. Nc2 Ba7 10. Be3 Be6 11. Bxe6 fxe6 12. Bxa7 Nxa7 13. d4 Nxe4 14. Qe2 Ng5 15. Nxg5 Qxg5 16. dxe5 d5 17. Nd4 Rae8 18. Rae1 c5 19. Nb5 Nc8 20. g3 Rd8 21. f4 Qg6 22. Rf2 b6 23. Kh1 Rd7 24. Ref1 h5 25. f5 Rxf5 26. Rxf5 exf5 27. e6 Re7 28. Re1 h4 29. Qe5 hxg3 30. hxg3 Qg4 31. Kg2 f4 32. Qxf4 Qxf4 33. gxf4 g6 34. Re5 Kg7 35. Kf3 Kf6 36. Rxd5 Rxe6 37. Rd8 Ne7 38. Nd6 Nf5 39. Nc4 Ne7 40. Rf8+ Kg7 41. Rb8 Nd5 42. Rb7+ Kf6 43. Rd7 Ne7 44. Nd6 Re1 45. Ne4+ Kf7 46. Rb7 Rf1+ 47. Nf2 Ra1 48. Rxb6 Rxa4 49. Nd3 Ra2 50. Ne5+ Kf8 51. Rb8+ Kg7 52. Rb7 Kf6 53. Rb6+ Kg7 54. Re6 Kf8 55. Rf6+ Kg8 56. Rb6 a4 57. Rb7 Kf8 58. Kg4 a3 59. bxa3 Rxa3 60. c4 Ra6 61. Kg5 Rd6 62. Rc7 Rd2 63. Nxg6+ Nxg6 64. Kxg6 Rd4 65. f5 Rxc4 66. Rc8+ Ke7 67. f6+ Ke6 68. f7 Rf4 69. f8=Q Rxf8 70. Rxf8 c4 71. Rf5 Kd6 72. Kf6 c3 73. Rf3 1-0

[Event "48th Rilton Cup 2018"]
[Site "Stockholm"]
[Date "2019.01.05"]
[Round "9"]
[White "Rakesh Kumar Jena"]
[Black "Salomon, Johan"]
[Result "1-0"]
[ECO "A45"]
[WhiteElo "2398"]
[BlackElo "2494"]
[Annotator "ChessBase"]
[PlyCount "75"]
[EventDate "2018.12.27"]
[EventType "swiss"]
[EventCountry "SWE"]
[SourceTitle "playchess.com"]
[Source "ChessBase"]
[SourceQuality "1"]
[TimeControl "40/5400+30:1800+30"]

1. d4 Nf6 2. Bf4 b6 3. Nf3 Bb7 4. e3 Nh5 5. Bg3 Nxg3 6. hxg3 g6 7. Bd3 Bg7 8. Nbd2 d6 9. c3 Nd7 10. Qb3 e6 11. O-O-O a6 12. Rh4 b5 13. Rdh1 h6 14. Bxg6 fxg6 15. Qxe6+ Qe7 16. Qxg6+ Kd8 17. Rg4 Bf8 18. e4 Qf6 19. Qh5 Qe7 20. Rf4 Rg8 21. Nh4 Qe8 22. Qxe8+ Kxe8 23. Nf5 Rg6 24. Rfh4 c5 25. Nxh6 cxd4 26. cxd4 Be7 27. R4h3 Nf6 28. f3 Bc8 29. g4 Bd8 30. Kc2 a5 31. Kd3 b4 32. Nf5 Bxf5 33. Rh8+ Kd7 34. exf5 Rg7 35. R1h6 Ke7 36. Ne4 Nxe4 37. Kxe4 Kf7 38. Rxd6 1-0